 Dungeon Sprint DCSS version 0.30-a0-737-gf23d94013f (webtiles) character file.

Game seed: 9016292932471765361

143 rocky1 the Cudgeller (level 5, -9/93 HPs)
             Began as an Ogre Gladiator on Feb 3, 2023.
             Mangled by a gnoll sergeant
             ... wielding a +1 trident of protection
              (14 damage)
             ... in the Dungeon (Sprint IX: "|||||||||||||||||||||||||||||").
             The game lasted 00:00:46 (83 turns).

rocky1 the Cudgeller (Ogre Gladiator)                 Turns: 83, Time: 00:00:46

Health: -9/93      AC:  3    Str: 20    XL:     5   Next: 25%
Magic:  5/5        EV: 11    Int:  9    God:
Gold:   0          SH:  0    Dex: 10    Spells: 4/4 levels left

rFire   . . .      SeeInvis .    a - +0 flail
rCold   . . .      Faith    .    (no shield)
rNeg    . . .      Spirit   .    b - +0 robe
rPois   .          Reflect  .    c - +0 hat
rElec   .          Harm     .    (no cloak)
rCorr   .          Rampage  .    (gloves unavailable)
Will    .....      NoTele   +    (boots unavailable) Stlth
                                 (no amulet)
HPRegen 0.35/turn                (no ring)
MPRegen 0.09/turn                (no ring)

@: berserking (expiring), very quick
A: large, unfitting armour, tough skin 1
a: no special abilities


You were in the Dungeon.
You visited 1 branch

Inventory:

Hand Weapons
 a - a +0 flail (weapon)
Armour
 b - a +0 robe (worn)
 c - a +0 hat (worn)
Scrolls
 k - a scroll of blinking
Potions
 h - a potion of haste
 i - 2 potions of magic


   Skills:
 + Level 7.1 Fighting
 * Level 7.1 Maces & Flails
 - Level 2.0 Throwing
 + Level 5.3 Dodging


You had 4 spell levels left.
You didn't know any spells.
Your spell library was empty.

Dungeon Overview and Level Annotations

Branches:
Dungeon (1/1)

Altars:


Innate Abilities, Weirdness & Mutations

You are too large for most types of armour.
You have tough skin. (AC +1)


Message History

The scorpion is severely wounded.
You feel sick.
You closely miss the scorpion.
The scorpion is severely wounded.
You feel sick. The scorpion barely misses you.
You sock the scorpion!
You kill the scorpion!
You feel sick.
Your Fighting skill increases to level 6!
Your Maces & Flails skill increases to level 6!
Your Dodging skill increases to level 5!
You have reached level 5!
The gnoll sergeant hits you but does no damage.
The iguana closely misses you.
There is an open door, spattered with blood here.
Items here: (( ††.
You thump the iguana!
The iguana is severely wounded.
You feel sick. The iguana barely misses you.
The gnoll sergeant hits you from afar with a +1 trident of protection!
* * * LOW HITPOINT WARNING * * *
You thump the iguana!
You kill the iguana!
You feel sick.
Your Fighting skill increases to level 7!
Your Maces & Flails skill increases to level 7!
The gnoll sergeant hits you with a +1 trident of protection!
* * * LOW HITPOINT WARNING * * *
You see here an iguana corpse.
You closely miss the gnoll sergeant.
You feel sick.
The gnoll sergeant hits you with a +1 trident of protection.
* * * LOW HITPOINT WARNING * * *
You sock the gnoll sergeant!
The gnoll sergeant is heavily wounded.
You feel sick.
You are no longer poisoned.
You hit the gnoll sergeant.
The gnoll sergeant is almost dead.
The gnoll sergeant hits you with a +1 trident of protection!
You die... ▓▓▓▓▓▓▓▓▓▓▓▓▓▓▓▓▓▓ +...g@(....)'...<▓ ▓▓▓▓▓▓▓▓▓▓▓▓▓▓▓▓▓▓

You could see a gnoll sergeant.

Vanquished Creatures
  A scorpion (D)
  3 iguanas (D)
  2 dart slugs (D)
  2 goblins (D)
  A quokka (D)
9 creatures vanquished.

Notes
Turn   | Place    | Note
-------+----------+-------------------------------------------
     0 | D        | rocky1 the Ogre Gladiator began the quest for the Orb.
     0 | D        | Reached XP level 1. HP: 22/22 MP: 1/1
    11 | D        | Reached XP level 2. HP: 22/31 MP: 2/2
    51 | D        | Noticed a gnoll sergeant
    51 | D        | Noticed a scorpion
    65 | D        | Reached XP level 3. HP: 13/41 MP: 3/3
    68 | D        | Reached skill level 5 in Fighting
    68 | D        | Reached skill level 5 in Maces & Flails
    68 | D        | Reached XP level 4. HP: 11/50 MP: 4/4
    76 | D        | Killed a scorpion
    77 | D        | Reached skill level 5 in Dodging
    77 | D        | Reached XP level 5. HP: 38/61 MP: 5/5
    83 | D        | Mangled by a gnoll sergeant

Illustrated notes

Levels and vault maps discovered:
D:        linesprint [early_d, line_temple, items_1, d_10, items_2, lair_1,
          lair_end, items_3, orc_1, orc_end, items_4, d_15, swamp_1, shoals_1,
          snake_1, spider_1, d_20, vaults_1, items_5, swamp_end, shoals_end,
          snake_end, spider_end, vaults_end, d_27, items_6, zot_1, zot_end,
          crypt_end, forest_end, elf_end, slime_end, tomb_end, abyss_end,
          pan_hell_end]

Skill      XL: |  1  2  3  4  5 |
---------------+----------------+-----
Fighting       | 3 4 5 6 7 |  7.1
Maces & Flails | 3 4 5 6 7 |  7.1
Dodging        | 3 4 5 |  5.3
Throwing       | |  2.0

Action                     |  1- 3 |  4- 6 || total
---------------------------+-------+-------++-------
  Melee: Flail             |    21 |    11 ||    32
  Throw: Throwing net      |     3 |       ||     3
         Large rock        |     1 |       ||     1
    Use: Potion            |       |     3 ||     3
   Stab: Held in net/web   |     1 |       ||     1
 Armour: Robe              |     2 |     3 ||     5
  Dodge: Dodged            |     5 |     4 ||     9

Table legend: (Time is in decaauts)
 A = Elapsed time spent in this place.
 B = Non-inter-level travel time spent in this place.
 C = Inter-level travel time spent in this place.
 D = Time resting spent in this place.
 E = Time spent auto-exploring this place.
 F = Levels seen in this place.
 G = Mean time per level.
                   A        B        C        D        E       F      G
               +--------+--------+--------+--------+--------+-----+--------+
         Total |     84 |     84 |      0 |     32 |      0 |   1 |   84.0 |
       Dungeon |     84 |     84 |      0 |     32 |      0 |   1 |   84.0 |
               +--------+--------+--------+--------+--------+-----+--------+

Top non-repeatable levels by time:
       D: 84 daAuts
